 Dungeon Crawl Stone Soup version 0.20-a0-926-g560771d (webtiles) character file.

38 Isola the Poker (level 3, -3/27 HPs)
             Began as a Merfolk Skald on Mar 28, 2017.
             Slain by a gnoll
             ... wielding a +3 halberd
              (14 damage)
             ... on level 3 of the Dungeon.
             The game lasted 00:01:55 (1402 turns).

Isola the Poker (Merfolk Skald)                     Turns: 1402, Time: 00:01:55

Health: -3/27      AC:  6    Str: 11    XL:     3   Next: 43%
Magic:  0/6        EV: 16    Int: 13    God:
Gold:   60         SH:  0    Dex: 13    Spells: 1/6 levels left

rFire    . . .     SeeInvis .   a - +0 spear
rCold    . . .     Gourm    .   (no shield)
rNeg     . . .     Faith    .   b - +0 leather armour
rPois    .         Spirit   .   (helmet restricted)
rElec    .         Reflect  .   (no cloak)
rCorr    .         Harm     .   o - +0 pair of gloves
MR       .....                  (no boots)
Stlth    +.........             (no amulet)
Regen    0.1/turn               p - ring of wizardry
MPRegen  0.1/turn               l - +3 ring of evasion

@: infused, singing
A: change form in water, swift swim, stealthy swim, horns 1, yellow scales 1
a: Stop Singing


You were on level 3 of the Dungeon.
You were hungry.

You visited 1 branch of the dungeon, and saw 3 of its levels.

You collected 60 gold pieces.

Inventory:

Hand Weapons
 a - a +0 spear (weapon)
Armour
 b - a +0 leather armour (worn)
 o - a +0 pair of gloves (worn)
Jewellery
 l - a +3 ring of evasion (right hand)
 p - a ring of wizardry (left hand)
Wands
 k - a wand of flame (25/48)
Scrolls
 e - a scroll of identify {unknown}
 i - 2 scrolls of remove curse {unknown}
 m - a scroll of magic mapping {unknown}
Potions
 g - a potion of degeneration {unknown}
 h - a potion of heal wounds {unknown}
 n - a potion of lignification {unknown}
 q - a potion of ambrosia {unknown}
Books
 c - a book of Battle

   Spells                             Type                      Level
   a - Infusion                       Charms                       1
   b - Shroud of Golubria             Charms/Translocation         2
   c - Song of Slaying                Charms                       2
   d - Spectral Weapon                Hexes/Charms                 3
   e - Regeneration                   Charms/Necromancy            3
Comestibles
 d - 3 bread rations
 f - 4 meat rations
 r - 2 fruits


   Skills:
 - Level 2.1 Fighting
 * Level 4.3 Polearms
 - Level 0.6 Armour
 + Level 3.4 Dodging
 - Level 2.0 Spellcasting
 + Level 3.7 Charms


You had one spell level left.
You knew the following spells:

 Your Spells              Type           Power        Failure   Level  Hunger
a - Infusion              Chrm           ##..         4%          1    ##.....
b - Shroud of Golubria    Chrm/Tloc      #.........   12%         2    ###....
c - Song of Slaying       Chrm           ##......     4%          2    ###....


Dungeon Overview and Level Annotations

Branches:
Dungeon (3/15)

Altars:


Innate Abilities, Weirdness & Mutations

You revert to your normal form in water.
You are very nimble and swift while swimming.
You are very stealthy in the water. (Stealth+)
You have a pair of small horns on your head.
You are partially covered in yellow scales. (AC +2)


Message History

Casting: Infusion
Confirm with . or Enter, or press ? or * to list all spells.
You start singing a song of slaying.
The gnoll barely misses you.
Your shroud unravels.
The gnoll hits you with an enchanted halberd.
You hit the gnoll.
The gnoll is moderately wounded.
The gnoll hits you with an enchanted halberd!
Ouch! That really hurt!
You hit the gnoll.
The gnoll is heavily wounded.
You closely miss the gnoll.
The gnoll is heavily wounded.
The gnoll completely misses you.
It was a potion of mutation.
You feel extremely strange. A pair of horns grows on your head!
Yellow scales grow over part of your body.
The gnoll hits you with an enchanted halberd!
Ouch! That really hurt!
You die...

###########
........@.# ###
..$######g###....
. #o#...#
....######gg#####
.......o.........>
....#####....[....
. #.#.##..##
#####.#.# ....
#<รท...#.. ...


You could see 3 gnolls and an orc.

Vanquished Creatures
  An adder (D:3)
  A leopard gecko (D:1)
  2 ball pythons
  5 bats
  2 goblins
  4 jackals (D:1)
  3 kobolds
  3 frilled lizards
  6 rats
27 creatures vanquished.

Notes
Turn   | Place    | Note
-------+----------+-------------------------------------------
     0 | D:1      | Isola the Merfolk Skald began the quest for the Orb.
     0 | D:1      | Reached XP level 1. HP: 16/16 MP: 3/3
   103 | D:1      | Reached XP level 2. HP: 11/22 MP: 5/5
   571 | D:2      | Found a faded altar of an unknown god.
   801 | D:2      | Reached skill level 4 in Polearms
   801 | D:2      | Reached XP level 3. HP: 26/27 MP: 6/6
  1006 | D:2      | Learned a level 2 spell: Shroud of Golubria
  1009 | D:2      | Learned a level 2 spell: Song of Slaying
  1402 | D:3      | Gained mutation: You have a pair of small horns on your head. [potion of mutation]
  1402 | D:3      | Gained mutation: You are partially covered in yellow scales. (AC +2) [potion of mutation]
  1402 | D:3      | Slain by a gnoll

Vault maps used:
D:1:      minmay_arrival_glassed_features, minivault_14
D:2:      chequers_ecumenical_altar_island, first_bread
D:3:      lemuel_coloured_pillars_altar, kennysheep_generic_room_5,
          uniq_crazy_yiuf_cottage

Skill      XL: |  1  2 |
---------------+-------+-----
Dodging        | 3 |  3.4
Polearms       | 4 |  4.3
Fighting       | |  2.1
Armour         | |  0.6
Spellcasting   | |  2.0
Charms         | |  3.7

Action                   || total
-------------------------++-------
Melee: Spear             ||    92
 Cast: Shroud of Golubri ||     1
       Infusion          ||     1
       Song of Slaying   ||     1
  Use: Potion            ||     1
 Stab: Sleeping          ||     1
  Eat: Chunk             ||     1
Armor: Leather armour    ||    20
Dodge: Dodged            ||    53
